 Dungeon Crawl Stone Soup version 0.23.2-33-g5129a83184 (webtiles) character file.

Game seed: 8996264289070826037

226 Matador8 the Poker (level 6, -2/52 HPs)
             Began as a Naga Gladiator on June 26, 2019.
             Slain by a gnoll
             ... wielding a +0 spear
              (4 damage)
             ... on level 3 of the Dungeon.
             The game lasted 00:11:40 (2846 turns).

Matador8 the Poker (Naga Gladiator)                 Turns: 2846, Time: 00:11:41

Health: -2/52      AC:  4    Str: 16 (19) XL:     6   Next: 1%
Magic:  6/6        EV: 10    Int:  5 (8)  God:
Gold:   144        SH:  0    Dex:  9 (12) Spells: 5/5 levels left

rFire    . . .     SeeInvis +   a - +0 trident
rCold    . . .     Gourm    .   (no shield)
rNeg     . . .     Faith    .   b - +0 leather armour
rPois    +         Spirit   .   c - +0 helmet
rElec    .         Reflect  .   (no cloak)
rCorr    .         Harm     .   (no gloves)
MR       .....                  (no barding)
Stlth    ++........             (no amulet)
HPRegen  0.17/turn              (no ring)
MPRegen  0.10/turn              (no ring)

@: very slow
A: large, see invisible, deformed body, poison resistance, slowness 2, slow
metabolism 1, spit poison 1, AC +2
a: Spit Poison


You were on level 3 of the Dungeon.
You were very hungry.

You visited 1 branch of the dungeon, and saw 3 of its levels.

You collected 144 gold pieces.

Inventory:

Hand Weapons
 a - a +0 trident (weapon)
Missiles
 d - 3 throwing nets (quivered)
Armour
 b - a +0 leather armour (worn)
 c - a +0 helmet (worn)
Jewellery
 e - an uncursed ring of stealth {unknown}
 p - an uncursed ring of magical power
Wands
 k - a wand of random effects (8)
Scrolls
 g - a scroll of magic mapping {unknown}
 h - 2 scrolls of remove curse {unknown}
 j - a scroll of enchant weapon {unknown}
 m - 2 scrolls of amnesia {unknown}
 o - a scroll of identify {unknown}
 q - a scroll of teleportation {unknown}
Potions
 i - a potion of heal wounds {unknown}
 l - a potion of curing {unknown}
 n - a potion of degeneration
Comestibles
 f - 7 rations


   Skills:
 - Level 2.0 Fighting
 * Level 5.8 Polearms
 - Level 1.7 Throwing
 - Level 2.4 Dodging
 - Level 4.1 Stealth


You had 5 spell levels left.
You didn't know any spells.
Your spell library was empty.

Dungeon Overview and Level Annotations

Branches:
Dungeon (3/15)

Altars:
Hepliaklqana
Makhleb
Nemelex Xobeh
Uskayaw
Vehumet
Yredelemnul


Innate Abilities, Weirdness & Mutations

You cannot wear boots.
Your serpentine skin is tough. (AC +2)
You have supernaturally acute eyesight. (SInv)
Armour fits poorly on your strangely shaped body.
Your system is resistant to poisons. (rPois)
You cover ground very slowly.
You have a slow metabolism.
You can spit poison.


Message History

The gnoll is moderately wounded.
The gnoll hits you from afar with a +0 spear.
* * * LOW HITPOINT WARNING * * *
The gnoll hits you.
* * * LOW HITPOINT WARNING * * *
Attack whom?
Press: ? - help, Dir - move target cursor, f/p - gnoll
Aim: a gnoll, wielding a +0 spear (severely wounded)
The gnoll is in the way.
You barely miss the gnoll.
The gnoll is moderately wounded.
You have got your breath back.
The gnoll hits you from afar with a +0 spear.
* * * LOW HITPOINT WARNING * * *
The gnoll hits you.
* * * LOW HITPOINT WARNING * * *
It was a potion of degeneration.
There was something very wrong with that liquid.
You feel weakened.
You feel dopey.
You feel clumsy.
The gnoll hits you from afar with a +0 spear.
You die...

#.#.####... .#.#.........
###'#.# #..#####.#.#........#
#.....####..#.....#.#........#
#.....#..........##.#........#
#.....#......................#
###'#.#...........##.........#
#.[.#.'...........##.....#####
#.<.###..........###.....#####
#.(.'......gg@.....+..........
#...##.....#########..........
#...##.....# #...........
#...##.>...# #...........
######..%..# #...........
#.....# #...(....... #.......
#........... #...g...
#........... #......
#.......)..)


You could see 2 gnolls.

Vanquished Creatures
  An orc wizard (D:3)
  7 gnolls
  6 adders
  A worm (D:2)
  2 dart slugs
  2 leopard geckos
  4 orcs
  A ball python (D:3)
  6 giant cockroaches
  5 goblins (D:1)
  8 hobgoblins
  3 jackals (D:1)
  7 kobolds
  A quokka (D:2)
  3 bats
  5 frilled lizards
  5 rats
67 creatures vanquished.

Notes
Turn   | Place    | Note
-------+----------+-------------------------------------------
     0 | D:1      | Matador8 the Naga Gladiator began the quest for the Orb.
     0 | D:1      | Reached XP level 1. HP: 19/19 MP: 1/1
    50 | D:1      | Reached skill level 1 in Stealth
    75 | D:1      | Reached XP level 2. HP: 11/26 MP: 2/2
   448 | D:1      | Reached XP level 3. HP: 13/32 MP: 3/3
   796 | D:1      | Reached skill level 4 in Polearms
  1043 | D:2      | Found a sparkling altar of Nemelex Xobeh.
  1044 | D:2      | Found a burning altar of Makhleb.
  1186 | D:2      | Found a hide-covered altar of Uskayaw.
  1327 | D:2      | Reached XP level 4. HP: 39/39 MP: 4/4
  1411 | D:2      | Found a radiant altar of Vehumet.
  1709 | D:2      | Found a basalt altar of Yredelemnul.
  1909 | D:3      | Reached XP level 5. HP: 27/45 MP: 5/5
  2087 | D:3      | Reached skill level 5 in Polearms
  2491 | D:3      | Found a hazy altar of Hepliaklqana.
  2839 | D:3      | Reached XP level 6. HP: 29/52 MP: 6/6
  2845 | D:3      | HP: 2/52 [gnoll (5)]
  2846 | D:3      | Slain by a gnoll

Skill      XL: |  1  2  3  4  5 |
---------------+----------------+-----
Stealth        | 1 2 3 4 |  4.1
Polearms       | 4 5 |  5.8
Fighting       | |  2.0
Throwing       | |  1.7
Dodging        | |  2.4

Action                   |  1- 3 |  4- 6 || total
-------------------------+-------+-------++-------
Melee: Trident           |   100 |   108 ||   208
 Abil: Spit Poison       |     7 |    17 ||    24
  Use: Potion            |       |     1 ||     1
 Stab: Sleeping          |     5 |     4 ||     9
  Eat: Chunk             |     1 |     4 ||     5
Armor: Leather armour    |    22 |     9 ||    31
Dodge: Dodged            |    40 |    56 ||    96
